 Dungeon Sprint DCSS version 0.27-a0-797-g27d10ad80f (webtiles) character file.

Game seed: 13757798516668378959

597 mhtbhm the Basher (level 7, -2/78 HPs)
             Began as a Troll Berserker on Mar 27, 2021.
             Was an Elder of Trog.
             Slain by an orc warrior
             ... wielding a +0 glaive
              (21 damage)
             ... in the Dungeon (Sprint IX: "|||||||||||||||||||||||||||||").
             The game lasted 00:00:42 (259 turns).

mhtbhm the Basher (Troll Berserker)                  Turns: 259, Time: 00:00:43

Health: -2/78      AC:  5    Str: 28    XL:     7   Next: 17%
Magic:  6/6        EV: 13    Int:  6    God:    Trog [****..]
Gold:   0          SH:  0    Dex:  9    Spells: 6/6 levels left

rFire    . . .     SeeInvis .   a - +2 morningstar (vorpal)
rCold    . . .     Faith    .   (no shield)
rNeg     . . .     Spirit   .   b - +0 animal skin
rPois    .         Reflect  .   (helmet restricted)
rElec    .         Harm     .   k - +0 cloak
rCorr    .         Rampage  .   (gloves unavailable)
Will     .....     NoTele   +   (boots unavailable)
Stlth    +.........             (no amulet)
HPRegen  1.23/turn              l - +3 ring of intelligence
MPRegen  0.10/turn              m - +2 ring of evasion

@: berserk cooldown, slowed, very slow
A: large, unfitting armour, claws 3, regeneration 1, shaggy fur 1, tough skin 1
a: Renounce Religion, Berserk, Trog's Hand, Brothers in Arms


You were in the Dungeon.
You worshipped Trog.
Trog was greatly pleased with you.
You visited 1 branch

Inventory:

Hand Weapons
 a - a +2 vorpal morningstar (weapon)
Armour
 b - a +0 animal skin (worn)
 k - a +0 cloak (worn)
Jewellery
 l - a +3 ring of intelligence (left claw)
 m - a +2 ring of evasion (right claw)
Wands
 j - a wand of iceblast (10)
Scrolls
 h - 2 scrolls of blinking
Potions
 c - 5 potions of curing
 d - 2 potions of heal wounds
 e - a potion of haste
 f - 4 potions of magic
 g - a potion of berserk rage
 i - a potion of invisibility


   Skills:
 + Level 7.5 Fighting
 + Level 9.9 Maces & Flails
 + Level 7.2 Dodging


You had 6 spell levels left.
You didn't know any spells.
Your spell library was empty.

Dungeon Overview and Level Annotations

Branches:
Dungeon (1/1)

Altars:
Cheibriados
Dithmenos
Elyvilon
Fedhas
Gozag
Hepliaklqana
Kikubaaqudgha
Makhleb
Nemelex Xobeh
Okawaru
Qazlal
Ru
Sif Muna
Trog
Uskayaw
Vehumet
Wu Jian
Xom
Yredelemnul
Zin
The Shining One
Beogh
Jiyva
Lugonu


Innate Abilities, Weirdness & Mutations

You are too large for most types of armour.
You have claws for hands.
Your natural rate of healing is unusually fast.
You are covered in fur. (AC +1)
You have tough skin. (AC +1)


Message History

The troll is almost dead.
The howler monkey hoots and howls with incredible vigour!
You hear a roar!
Unknown command.
You puncture the troll!
You kill the troll!
Trog accepts your kill.
The troll leather armour is intact enough to wear.
Your Fighting skill increases to level 7!
Your Maces & Flails skill increases to level 9!
Your Dodging skill increases to level 7!
You have reached level 7!
You barely miss the howler monkey. You barely miss the howler monkey.
The howler monkey closely misses you.
You bludgeon the howler monkey!!
You kill the howler monkey!
Trog accepts your kill.
You closely miss the killer bee. The killer bee barely misses you.
The orc warrior completely misses you. The killer bee closely misses you.
You bludgeon the killer bee!!
You kill the killer bee!
Trog accepts your kill.
You are no longer berserk.
You are exhausted.
You feel yourself slow down.
Unknown command.
You feel much better. The orc warrior misses you.
The orc warrior completely misses you.
The orc warrior hits you with a +0 glaive!
There is an open door to the Dungeon, spattered with blood here.
Items here: [[ †††.
You hit the orc warrior but do no damage.
The orc warrior closely misses you.
The orc warrior hits you with a +0 glaive!
You hit the orc warrior but do no damage.
The orc warrior hits you with a +0 glaive!
* * * LOW HITPOINT WARNING * * *
You barely miss the orc warrior.
The orc warrior hits you with a +0 glaive!!
You die... ▓▓▓▓▓▓▓▓▓▓▓▓▓▓▓▓▓▓▓▓▓▓▓▓ +....Ko@..[.[.)?.'______ ▓▓▓▓▓▓▓▓▓▓▓▓▓▓▓▓▓▓▓▓▓▓▓▓

You could see an orc warrior and a kobold brigand.

Vanquished Creatures
  2 trolls (D)
  An ogre (D)
  A killer bee (D)
  A howler monkey (D)
  An iguana (D)
  2 adder zombies (D)
  2 goblins (D)
  2 ball pythons (D)
  A ball python skeleton (D)
  A rat (D)
14 creatures vanquished.

Notes
Turn   | Place    | Note
-------+----------+-------------------------------------------
     0 | D        | mhtbhm the Troll Berserker began the quest for the Orb.
     0 | D        | Reached XP level 1. HP: 22/22 MP: 0/0
     4 | D        | Banished a spatial maelstrom
     9 | D        | Reached ** piety under Trog
    10 | D        | Reached skill level 3 in Maces & Flails
   121 | D        | Noticed an iguana
   121 | D        | Noticed an ogre
   125 | D        | Killed an ogre
   126 | D        | Reached skill level 5 in Maces & Flails
   126 | D        | Reached XP level 2. HP: 33/33 MP: 1/1
   126 | D        | Reached XP level 3. HP: 40/40 MP: 2/2
   126 | D        | Reached XP level 4. HP: 49/49 MP: 3/3
   130 | D        | Reached *** piety under Trog
   131 | D        | Reached skill level 6 in Maces & Flails
   134 | D        | Reached skill level 5 in Fighting
   177 | D        | Found a snail-covered altar of Cheibriados.
   177 | D        | Found a shadowy altar of Dithmenos.
   177 | D        | Found a white marble altar of Elyvilon.
   177 | D        | Found a blossoming altar of Fedhas.
   177 | D        | Found an opulent altar of Gozag.
   178 | D        | Found a hazy altar of Hepliaklqana.
   179 | D        | Found a viscous altar of Jiyva.
   180 | D        | Found an ancient bone altar of Kikubaaqudgha.
   181 | D        | Found a corrupted altar of Lugonu.
   182 | D        | Found a burning altar of Makhleb.
   183 | D        | Found a sparkling altar of Nemelex Xobeh.
   184 | D        | Found an iron altar of Okawaru.
   185 | D        | Found a stormy altar of Qazlal.
   186 | D        | Found a sacrificial altar of Ru.
   187 | D        | Found a shimmering blue altar of Sif Muna.
   188 | D        | Found a bloodstained altar of Trog.
   189 | D        | Found a hide-covered altar of Uskayaw.
   190 | D        | Found a radiant altar of Vehumet.
   191 | D        | Found an ornate altar of the Wu Jian Council.
   192 | D        | Found a shimmering altar of Xom.
   193 | D        | Found a basalt altar of Yredelemnul.
   194 | D        | Found a glowing silver altar of Zin.
   195 | D        | Found a glowing golden altar of the Shining One.
   236 | D        | Noticed a kobold brigand
   236 | D        | Noticed an orc warrior
   236 | D        | Noticed a troll
   236 | D        | Noticed a troll
   246 | D        | Killed a troll
   246 | D        | Reached **** piety under Trog
   247 | D        | Reached skill level 8 in Maces & Flails
   247 | D        | Reached XP level 5. HP: 19/61 MP: 4/4
   247 | D        | Reached XP level 6. HP: 21/68 MP: 5/5
   249 | D        | Killed a troll
   250 | D        | Reached skill level 9 in Maces & Flails
   250 | D        | Reached XP level 7. HP: 11/78 MP: 6/6
   259 | D        | Slain by an orc warrior

Illustrated notes

Levels and vault maps discovered:
D:        linesprint [early_d, line_temple, items_1, d_10, items_2, lair_1,
          lair_end, items_3, orc_1, orc_end, items_4, d_15, swamp_1, shoals_1,
          snake_1, spider_1, d_20, vaults_1, items_5, swamp_end, shoals_end,
          snake_end, spider_end, vaults_end, d_27, items_6, zot_1, zot_end,
          crypt_end, forest_end, elf_end, slime_end, tomb_end, abyss_end,
          pan_hell_end]

Skill      XL: |  1  2  3  4  5  6 |
---------------+-------------------+-----
Maces & Flails | 5 8 9 |  9.9
Fighting       | 4 6 7 |  7.5
Dodging        | 4 6 7 |  7.2

Action                   |  1- 3 |  4- 6 |  7- 9 || total
-------------------------+-------+-------+-------++-------
Melee: Mace              |    14 |    10 |       ||    24
       Morningstar       |       |    12 |     8 ||    20
Invok: Berserk           |     1 |     1 |       ||     2
  Use: Potion            |       |       |     1 ||     1
Armor: Animal skin       |     1 |     4 |       ||     5
Dodge: Dodged            |     9 |    14 |     7 ||    30

Table legend: (Time is in decaauts)
 A = Elapsed time spent in this place.
 B = Non-inter-level travel time spent in this place.
 C = Inter-level travel time spent in this place.
 D = Time resting spent in this place.
 E = Time spent auto-exploring this place.
 F = Levels seen in this place.
 G = Mean time per level.
                   A        B        C        D        E       F      G
               +--------+--------+--------+--------+--------+-----+--------+
         Total |    265 |    265 |      0 |    147 |      2 |   1 |  265.0 |
       Dungeon |    265 |    265 |      0 |    147 |      2 |   1 |  265.0 |
               +--------+--------+--------+--------+--------+-----+--------+

Top non-repeatable levels by time:
       D: 265 daAuts
